 Dungeon Crawl Stone Soup version 0.16.2-12-gd0ad4c3 (webtiles) character file.

196632 faibistes the Eclecticist (level 17, -1/101 HPs)
             Began as a Deep Elf Wizard on June 1, 2019.
             Was the Champion of Sif Muna.
             Killed from afar by a bog body (17 damage)
             ... with a bolt of cold
             ... on level 5 of the Swamp on June 2, 2019.
             The game lasted 03:05:04 (58998 turns).

faibistes the Eclecticist (Deep Elf Wizard)        Turns: 58998, Time: 03:05:06

Health: -1/101     AC: 12    Str:  4    XL:     17   Next: 75%
Magic:  1/50       EV: 21    Int: 37    God:    Sif Muna [******]
Gold:   713        SH:  0    Dex: 13    Spells: 14 memorised, 6 levels left

rFire  . . .     SeeInvis .     w - +9 dagger (elec)
rCold  . . .     Clarity  .     n - +2 robe {Archmagi}
rNeg   + . .     SustAb   .     (no shield)
rPois  +         Gourm    .     b - +0 hat
rElec  +         Spirit   .     f - +4 cloak "Shrilolys" {rElec rN+ Int+3}
rCorr  +         Warding  .     k - +2 pair of gloves
rMut   .         Stasis   .     O - +0 pair of boots {Fly}
MR     +....                    E - amulet of Crawling {rCorr rPois}
Stlth  +.........               y - ring of Toirutea {EV+4 Int+3}
                                v - ring of magical power

@: very slightly contaminated, repel missiles, somewhat resistant to hostile
enchantments, very unstealthy
A: hooves 1, deformed body
a: Channel Energy, Forget Spell, Renounce Religion, Evoke Flight
}: 1/15 runes: decaying


You were on level 5 of the Swamp.
You worshipped Sif Muna.
Sif Muna was exalted by your worship.
You were not hungry.

You visited 6 branches of the dungeon, and saw 32 of its levels.
You visited the Abyss 1 time.
You visited 1 bazaar.
You also visited: Ossuary.

You collected 3681 gold pieces.
You spent 2968 gold pieces at shops.

Inventory:

Hand weapons
 w - a +9 dagger of electrocution (weapon)
 J - the +3 dagger "Zecubuna" {drain, rF+ rN+ SInv}
   (You found it on level 2 of the Swamp)

   A truly terrible weapon, it drains the life of those it strikes.
   It protects you from fire.
   It protects you from negative energy.
   It enhances your eyesight.
Armour
 b - a +0 hat (worn)
 f - the +4 cloak "Shrilolys" (worn) {rElec rN+ Int+3}
   (You bought it in a shop in a bazaar)

   It affects your intelligence (+3).
   It insulates you from electricity.
   It protects you from negative energy.
 k - a +2 pair of gloves (worn)
 n - a +2 robe of the Archmagi (worn)
 O - a +0 pair of boots of flying (worn)
Jewellery
 u - an uncursed ring of wizardry
 v - a ring of magical power (left hand)
 y - the ring of Toirutea (right hand) {EV+4 Int+3}
   (You bought it in a shop in a bazaar)

   [ring of evasion]

   It affects your evasion (+4).
   It affects your intelligence (+3).
 D - an uncursed ring of invisibility
 E - the amulet of Crawling (around neck) {rCorr rPois}
   (You found it on level 2 of the Swamp)

   [amulet of resist corrosion]

   It protects you from acid and corrosion.
   It protects you from poison.
 I - an uncursed ring of positive energy
Magical devices
 a - a wand of digging (8)
 j - a wand of draining (7)
 r - a wand of disintegration (13)
 z - a wand of teleportation (3)
 C - a wand of paralysis (24)
 K - a wand of cold (7)
 L - a wand of lightning (8)
 Q - a wand of fireball (4)
 W - a wand of hasting (4)
 Y - a wand of fire (6)
Scrolls
 c - 9 scrolls of identify
 e - 5 scrolls of teleportation
 g - 5 scrolls of fear
 l - 14 scrolls of remove curse
 s - 7 scrolls of fog
 F - a scroll of blinking
 G - a scroll of summoning
 H - 7 scrolls of immolation
 R - 2 scrolls of magic mapping
 U - 4 scrolls of recharging
 Z - a scroll of torment
Potions
 i - 6 potions of cancellation
 m - 9 potions of curing
 o - 6 potions of brilliance
 p - 2 potions of resistance
 q - 3 potions of ambrosia
 t - 4 potions of restore abilities
 x - a potion of cure mutation
 A - a potion of heal wounds
 M - 3 potions of haste
 T - 3 potions of invisibility
Books
 h - a book of Death

   Spells                             Type                      Level
   a - Corpse Rot                     Necromancy                   2
   b - Sublimation of Blood           Necromancy                   2
   c - Agony                          Necromancy                   5
   d - Dispel Undead                  Necromancy                   5
   e - Excruciating Wounds            Charms/Necromancy            5
   f - Bolt of Draining               Conjuration/Necromancy       5
 P - a Young Poisoner's Handbook

   Spells                             Type                      Level
   a - Sting                          Conjuration/Poison           1
   b - Cure Poison                    Poison                       2
   c - Mephitic Cloud                 Conjuration/Poison/Air       3
   d - Olgreb's Toxic Radiance        Poison                       4
   e - Venom Bolt                     Conjuration/Poison           5
 S - Soguluon's Tome of Protection
   (Sif Muna gifted it to you on level 5 of the Swamp)

   Spells                             Type                      Level
   a - Swiftness                      Charms/Air                   2
   b - Warp Weapon                    Charms/Translocation         5
   c - Haste                          Charms                       6
   d - Ring of Flames                 Charms/Fire                  7
Comestibles
 d - 13 bread rations
 B - 17 meat rations
 N - 12 royal jellies
 V - 7 poisonous chunks of flesh


   Skills:
 + Level 9.7 Fighting
 - Level 10.1 Dodging
 - Level 2.4 Stealth
 * Level 19.1 Spellcasting
 + Level 12.1 Conjurations
   Level 3.6 Hexes
 * Level 7.8 Charms
   Level 1.1 Summonings
 - Level 7.0 Translocations
 - Level 5.0 Transmutations
 + Level 12.4 Fire Magic
 - Level 6.9 Air Magic
 * Level 11.6 Earth Magic
 - Level 5.3 Poison Magic
 - Level 10.3 Invocations
 - Level 9.2 Evocations


You had 6 spell levels left.
You knew the following spells:

 Your Spells              Type           Power        Failure   Level  Hunger
a - Magic Dart            Conj           ####         0%          1    None
b - Conjure Flame         Conj/Fire      ########     0%          3    None
c - Iskenderun's Battles  Conj/Chrm      ########     1%          5    None
d - Blink                 Tloc           N/A          1%          2    None
e - Poisonous Cloud       Conj/Pois/Air  #######...   6%          6    None
f - Repel Missiles        Chrm/Air       ######       1%          2    None
g - Mephitic Cloud        Conj/Pois/Air  #######.     1%          3    None
h - Stoneskin             Trmt/Erth      #######.     1%          2    None
i - Stone Arrow           Conj/Erth      ######       1%          3    None
k - Airstrike             Air            #######...   1%          4    None
l - Shroud of Golubria    Chrm/Tloc      #######...   1%          2    None
v - Bolt of Fire          Conj/Fire      ########..   1%          6    None
x - Force Lance           Conj/Tloc      ########     1%          4    None
z - Fireball              Conj/Fire      ########..   1%          5    None


Dungeon Overview and Level Annotations

Branches:
Dungeon (12/15)            Temple (1/1) D:7            Lair (8/8) D:11
  Swamp (5/5) Lair:6        Snake (0/5) Lair:4        Slime (0/6) Lair:7
    Orc (4/4) D:9             Elf (2/3) Orc:4

Altars:
Ashenzari
Cheibriados
Dithmenos
Elyvilon
Fedhas
Gozag
Kikubaaqudgha
Makhleb
Nemelex Xobeh
Okawaru
Qazlal
Ru
Sif Muna
Trog
Vehumet
Xom
Yredelemnul
Zin
The Shining One
Beogh

Shops:
Orc:2 [   Orc:4 }[?%

Portals:
Pandemonium: Orc:4


Innate Abilities, Weirdness & Mutations

You have large cloven feet.
Armour fits poorly on your strangely shaped body.


Message History

The seven-headed hydra barely misses you. x2
Casting: Force Lance
Confirm with . or Enter, or press ? or * to list all spells.
Aiming: Force Lance
Press: ? - help, Shift-Dir - straight line, f/p - seven-headed hydra
Aim: a seven-headed hydra (lightly wounded)
You feel a surge of power!
The lance of force hits the seven-headed hydra.
The seven-headed hydra is moderately wounded.
The seven-headed hydra is knocked back by the lance of force.
Read which item? (? for menu, Esc to quit)
Blink to where?
Press: ? - help, Dir - move target cursor, p - seven-headed hydra Splash!
You are very lightly contaminated with residual magic.
As you read the scroll of blinking, it crumbles to dust.
A bog body comes into view.
The bog body gestures at you while chanting.
The bolt of cold hits you!
You die...

♣♣≈♣♣≈≈♣♣≈♣♣ ♣♣♣≈..♣≈≈≈≈♣♣.♣
♣.≈.≈.≈.≈♣♣♣♣♣..≈≈≈≈≈..≈♣♣♣♣
♣.≈.≈≈≈≈..♣♣§.≈≈≈≈≈≈≈.§≈.♣♣♣
♣♣♣≈..≈≈≈≈≈≈.≈≈÷§≈≈≈♣.♣...≈♣≈
♣♣♣♣≈≈...≈≈≈≈≈≈≈§≈♣♣..♣≈..≈.≈♣.♣
♣§§.≈≈≈≈≈≈≈≈≈≈≈≈.≈≈..≈§..D≈.≈.≈.
♣♣.≈≈≈≈≈§≈≈≈≈§≈≈≈≈≈≈≈≈≈≈≈≈^.≈##.#
≈♣♣≈≈§.≈.≈≈≈.!≈≈≈.≈≈≈.≈≈≈.≈♣##...
≈♣♣≈...≈<♣♣♣♣♣n§@≈≈≈♣♣≈♣♣≈≈##....
≈♣♣.≈..≈≈♣.≈♣♣♣<)[≈≈≈≈♣..≈♣#.....
≈♣≈...≈≈≈≈≈≈♣♣..♣♣.≈≈.♣≈≈♣##.....
♣..≈≈..≈♣≈..♣♣.≈♣♣≈≈≈♣..≈♣#......
..≈≈≈≈≈♣♣♣.≈♣♣≈♣♣♣♣♣♣♣≈≈♣##......
≈≈≈≈≈.≈♣♣.≈.♣♣♣≈≈♣ ♣...♣##......
≈§≈≈≈.≈♣≈≈≈≈..≈≈♣♣ ♣..≈≈♣##.....
...≈...≈≈≈≈≈.♣♣♣♣ ♣♣≈≈§♣####...
.♣..≈.≈≈≈≈≈≈♣♣ ♣♣♣♣♣♣♣..≈.♣# ####


You could see a bog body.

Vanquished Creatures
  Asterion (Swamp:5)
  A thorn hunter (Swamp:1)
  Maud (Lair:5)
  A deep elf sorcerer (Elf:2)
  A reaper (Abyss:1)
  A very ugly thing (Swamp:3)
  A fire dragon (Lair:8)
  A great orb of eyes (Abyss:1)
  26 hydras
  A catoblepas (Lair:4)
  16 dancing weapons (Elf:2)
  A ghost crab (Swamp:4)
  18 death yaks
  16 alligators
  6 orc high priests (Orc:4)
  15 deep elf knights
  A large abomination (Abyss:1)
  An ice devil (Orc:4)
  A death drake (Swamp:2)
  A torturous demonspawn (Orc:4)
  10 swamp dragons
  A spriggan druid (Swamp:2)
  4 shambling mangroves
  5 deep elf summoners
  A putrid demonspawn (Orc:4)
  A necromancer (Swamp:2)
  2 oklob plants (Lair:6)
  A gelid demonspawn (Orc:4)
  12 deep elf conjurers
  6 orc knights
  5 spectral hydras (Swamp:2)
  6 orc sorcerers
  A wolf spider (Lair:8)
  A draconian (shapeshifter) (Elf:1)
  A griffon (Lair:6)
  An ugly thing (D:7)
  2 hornets
  Maurice (D:8)
  11 elephants
  Joseph (D:11)
  10 black mambas
  A rust devil (Orc:4)
  A guardian serpent (Lair:8)
  A sixfirhy (Orc:4)
  10 komodo dragons
  An orange demon (Orc:4)
  A centaur skeleton (D:11)
  18 spiny frogs
  A swamp worm zombie (Swamp:2)
  An elf (shapeshifter) (Elf:2)
  2 fire drakes
  A freezing wraith (Swamp:2)
  A smoke demon (Orc:4)
  7 giant leeches
  9 deep elf priests
  A troll (D:10)
  3 baby alligators (Swamp:2)
  2 polar bears
  A red devil (Orc:4)
  18 ravens
  25 bog bodies
  2 alligator zombies (Swamp:2)
  18 slime creatures
  A trapdoor spider zombie (D:10)
  A spectral swamp dragon (Swamp:2)
  2 shadows
  A wraith (D:10)
  20 blink frogs
  7 basilisks
  5 spriggans
  A redback (Elf:1)
  A wyvern (Lair:5)
  A chaos spawn (Orc:4)
  6 giant leech zombies (Swamp:2)
  21 deep elf magi
  7 hippogriffs
  2 steam dragons
  2 neqoxecs (Abyss:1)
  6 wolves (Lair:7)
  35 yaks
  11 vampire mosquitoes
  35 deep elf fighters
  2 wargs
  26 swamp worms
  A naga (Lair:4)
  8 insubstantial wisps
  A mottled dragon (Lair:8)
  4 ice beasts
  A putrid demonspawn zombie (Orc:4)
  2 spiny frog zombies (Swamp:2)
  5 sky beasts
  12 wasps
  37 water moccasins
  25 swamp drakes
  7 spiders (Lair:8)
  A black bear (Lair:4)
  37 orc warriors
  13 porcupines
  A trapdoor spider simulacrum (D:10)
  5 phantoms
  An eye of draining (D:11)
  7 ogres
  4 centaurs
  2 big kobolds
  15 crocodiles
  Blork the orc (D:9)
  18 giant frogs
  A wyvern skeleton (D:11)
  2 troll zombies (Swamp:2)
  3 scorpions
  3 spriggan zombies (Swamp:2)
  6 killer bees (D:11)
  A small abomination (Abyss:1)
  A wyvern simulacrum (D:10)
  An electric eel (Lair:4)
  2 goliath beetles
  7 hounds
  8 centaur zombies
  5 jellies
  53 orc priests
  18 iguanas
  3 giant frog skeletons
  5 quasits
  43 orc wizards
  11 hell rats
  15 worker ants
  An ogre zombie (Ossuary)
  20 sheep
  A giant frog simulacrum (D:10)
  7 mummies
  A worker ant zombie (D:9)
  3 gnolls (D:2)
  2 killer bee simulacra (D:10)
  37 adders
  81 river rats
  2 giant mites
  16 white imps
  4 worms
  3 shadow imps
  An ufetubus (D:10)
  3 adder zombies (Ossuary)
  An adder skeleton (D:6)
  6 oozes
  223 orcs
  19 bats
  3 bat skeletons
  A bat zombie (D:5)
  5 giant cockroaches
  A gnoll zombie (Ossuary)
  27 hobgoblins
  13 jackals
  3 ball pythons
  3 giant geckos
  A giant newt (D:6)
  2 giant spores
  25 goblins
  5 goblin zombies (Ossuary)
  7 hobgoblin zombies
  A jackal skeleton (D:7)
  31 kobolds
  2 kobold zombies (Ossuary)
  3 orc zombies
  16 quokkas
  3 quokka zombies (Ossuary)
  29 rats
  5 rat zombies (Ossuary)
  7 ballistomycetes
  4 bushes
  13 fungi
  15 plants
1564 creatures vanquished.

Vanquished Creatures (collateral kills)
  A mummy (Ossuary)
  A jackal (D:1)
2 creatures vanquished.

Vanquished Creatures (others)
  2 orc wizards
  An adder (D:6)
  3 orcs
  2 giant spores (D:6)
  46 fungi
  49 plants
  4 starspawn tentacles (Abyss:1)
107 creatures vanquished.

Grand Total: 1673 creatures vanquished

Notes
Turn   | Place    | Note
--------------------------------------------------------------
     0 | D:1      | faibistes, the Deep Elf Wizard, began the quest for the Orb.
     0 | D:1      | Reached XP level 1. HP: 10/10 MP: 6/6
   226 | D:2      | Reached XP level 2. HP: 15/15 MP: 7/10
   250 | D:1      | Learned a level 2 spell: Blink
   253 | D:1      | Learned a level 2 spell: Call Imp
   480 | D:1      | Reached skill level 5 in Spellcasting
   674 | D:2      | Reached XP level 3. HP: 17/19 MP: 6/14
   720 | D:1      | Learned a level 3 spell: Conjure Flame
   724 | D:1      | Learned a level 3 spell: Mephitic Cloud
  1661 | D:2      | Learned a level 2 spell: Repel Missiles
  1767 | D:2      | Reached XP level 4. HP: 24/24 MP: 7/17
  2482 | D:2      | Reached skill level 6 in Spellcasting
  2640 | D:2      | Reached XP level 5. HP: 28/28 MP: 17/20
  3176 | D:3      | Found a white marble altar of Elyvilon.
  3989 | D:4      | Reached skill level 7 in Spellcasting
  3989 | D:4      | Reached XP level 6. HP: 32/32 MP: 6/23
  4141 | D:5      | Entered Level 5 of the Dungeon
  4522 | D:4      | Reached skill level 1 in Evocations
  5185 | D:7      | Reached skill level 1 in Fighting
  5670 | D:8      | Reached XP level 7. HP: 32/38 MP: 10/25
  5822 | D:8      | Reached skill level 8 in Spellcasting
  5872 | D:8      | Found a sand-covered staircase.
  5882 | Ossuary  | Entered an ossuary
  6752 | Ossuary  | Reached skill level 5 in Dodging
  7209 | D:8      | Reached XP level 8. HP: 46/46 MP: 19/28
  7379 | D:6      | Reached skill level 9 in Spellcasting
  8048 | D:7      | Noticed a cyan ugly thing
  8055 | D:7      | Killed a cyan ugly thing
  8055 | D:7      | Reached skill level 10 in Spellcasting
  8055 | D:7      | Reached XP level 9. HP: 37/52 MP: 8/30
  8447 | D:5      | Reached skill level 5 in Evocations
  8791 | D:5      | Reached skill level 5 in Fighting
  9768 | D:6      | Noticed a deep elf mage
  9779 | D:6      | Killed a deep elf mage
  9924 | D:6      | Found a basalt altar of Yredelemnul.
  9924 | D:6      | Found a glowing golden altar of the Shining One.
  9932 | D:6      | Noticed a profane servitor
 10083 | D:6      | Found a snail-covered altar of Cheibriados.
 10086 | D:6      | Found a burning altar of Makhleb.
 10088 | D:6      | Found a blossoming altar of Fedhas.
 10089 | D:6      | Found a shattered altar of Ashenzari.
 10214 | D:6      | Reached skill level 11 in Spellcasting
 10405 | D:6      | Noticed an angel
 10509 | D:7      | Found a staircase to the Ecumenical Temple.
 10538 | Temple   | Entered the Ecumenical Temple
 10625 | Temple   | Became a worshipper of Sif Muna the Loreminder
 10740 | D:7      | Reached skill level 1 in Fire Magic
 10745 | D:7      | Got an ivory flail
 10746 | D:7      | Identified the +0 flail of Classification {venom, rN++} (You took it off an orc wizard on level 7 of the Dungeon)
 10904 | D:7      | Reached skill level 1 in Air Magic
 10947 | D:7      | Learned a level 3 spell: Dazzling Spray
 11359 | D:8      | Identified a +1 rod of shadows (10/10) (You took it off an orc on level 8 of the Dungeon)
 11688 | D:8      | Noticed Maurice
 11699 | D:8      | Killed Maurice
 11699 | D:8      | Acquired Sif Muna's first power
 11699 | D:8      | Reached skill level 1 in Poison Magic
 11783 | D:8      | Reached XP level 10. HP: 60/60 MP: 12/32
 12289 | D:9      | Noticed Blork the orc
 12624 | D:9      | Reached skill level 5 in Conjurations
 12858 | D:9      | Killed Blork the orc
 13079 | D:9      | Found a roughly hewn altar of Beogh.
 13085 | D:9      | Found a staircase to the Orcish Mines.
 13320 | D:10     | Entered Level 10 of the Dungeon
 13338 | D:10     | Acquired Sif Muna's second power
 13736 | D:9      | Noticed a centaur zombie
 13744 | D:9      | Killed a centaur zombie
 13744 | D:9      | Reached skill level 12 in Spellcasting
 13951 | D:9      | Reached skill level 1 in Invocations
 14414 | D:10     | Reached skill level 1 in Charms
 15452 | D:10     | Reached skill level 1 in Hexes
 15452 | D:10     | Reached XP level 11. HP: 62/64 MP: 25/34
 16188 | D:10     | Reached skill level 5 in Fire Magic
 16318 | D:10     | Found a staircase to the Orcish Mines.
 16924 | D:11     | Noticed Joseph
 16943 | D:11     | Killed Joseph
 17293 | D:11     | Found a staircase to the Lair.
 18090 | Lair:1   | Entered Level 1 of the Lair of Beasts
 18586 | Lair:1   | Learned a level 1 spell: Apportation
 19557 | Lair:1   | Acquired Sif Muna's third power
 19562 | Lair:1   | Reached skill level 13 in Spellcasting
 20566 | Lair:2   | Noticed a death yak
 20569 | Lair:2   | Noticed a death yak
 20573 | Lair:2   | Noticed a death yak
 20991 | Lair:2   | Learned a level 6 spell: Bolt of Fire
 21465 | Lair:2   | Reached skill level 5 in Invocations
 21508 | Lair:2   | Got a faintly glowing short sword
 21509 | Lair:2   | Identified the +9 short sword of Okawaru's Supremacy {pierce, -Tele rC+ Dex+6} (You found it on level 2 of the Lair of Beasts)
 21773 | Lair:2   | Killed a death yak
 21773 | Lair:2   | Reached XP level 12. HP: 53/71 MP: 20/35
 21786 | Lair:2   | Killed a death yak
 22267 | Lair:4   | Found a staircase to the Snake Pit.
 23147 | Lair:2   | Killed a death yak
 23412 | Lair:2   | Reached skill level 5 in Charms
 24435 | Lair:4   | Noticed a catoblepas
 24621 | Lair:4   | Killed a catoblepas
 24874 | Lair:3   | Noticed a seven-headed hydra
 24882 | Lair:2   | Reached skill level 5 in Translocations
 24988 | Lair:3   | Killed a seven-headed hydra
 25184 | Lair:3   | Noticed an eight-headed hydra
 25190 | Lair:3   | Killed an eight-headed hydra
 25305 | Lair:3   | Noticed an eight-headed hydra
 25313 | Lair:3   | Killed an eight-headed hydra
 25313 | Lair:3   | Reached skill level 14 in Spellcasting
 25517 | Lair:3   | Received a gift from Sif Muna
 25541 | Lair:3   | Learned a level 4 spell: Sticky Flame
 25547 | Lair:3   | Learned a level 5 spell: Fireball
 25669 | Lair:4   | Reached XP level 13. HP: 76/76 MP: 15/37
 25988 | Lair:6   | You fall through a shaft!
 25988 | Lair:7   | Found a staircase to the Slime Pits.
 26170 | Lair:8   | Entered Level 8 of the Lair of Beasts
 28890 | Lair:5   | Noticed Maud
 28904 | Lair:5   | Killed Maud
 29502 | Lair:4   | Received a gift from Sif Muna
 29516 | Lair:4   | Identified Sif Muna's Disquisition on Scorching Battle Magic (Sif Muna gifted it to you on level 4 of the Lair of Beasts)
 29521 | Lair:4   | Learned a level 3 spell: Stone Arrow
 30067 | Lair:5   | Reached XP level 14. HP: 82/82 MP: 31/38
 30366 | Lair:6   | Found a staircase to the Swamp.
 30932 | Lair:6   | Reached skill level 15 in Spellcasting
 31178 | Lair:7   | Reached skill level 1 in Earth Magic
 34604 | Lair:8   | Reached skill level 10 in Fire Magic
 34751 | Lair:8   | Reached skill level 10 in Dodging
 35952 | Orc:1    | Entered Level 1 of the Orcish Mines
 36190 | Orc:3    | Found a roughly hewn altar of Beogh.
 36243 | Orc:1    | Reached skill level 10 in Invocations
 36688 | Orc:1    | Found a roughly hewn altar of Beogh.
 36884 | Orc:2    | Found Suvuw's Armour Boutique.
 37360 | Orc:2    | Found a bloodstained altar of Trog.
 38259 | Orc:4    | Entered Level 4 of the Orcish Mines
 38921 | Orc:4    | Found a staircase to the Elven Halls.
 39311 | Orc:4    | Received a gift from Sif Muna
 40300 | Orc:3    | Learned a level 3 spell: Regeneration
 40303 | Orc:3    | Learned a level 2 spell: Shroud of Golubria
 40368 | Orc:3    | Reached skill level 16 in Spellcasting
 40368 | Orc:3    | Reached skill level 5 in Earth Magic
 40754 | Orc:4    | Found Ijipidud's Food Shop.
 40755 | Orc:4    | Found Crooto's Magic Scroll Boutique.
 41150 | Orc:4    | Reached XP level 15. HP: 88/88 MP: 20/39
 41462 | Orc:4    | Bought a scroll of enchant weapon for 105 gold pieces
 41462 | Orc:4    | Bought a scroll of blinking for 105 gold pieces
 41462 | Orc:4    | Bought a scroll of enchant weapon for 105 gold pieces
 41462 | Orc:4    | Bought a scroll of acquirement for 728 gold pieces
 41466 | Orc:4    | Identified the Reference Book on Weightlessness (You acquired it on level 4 of the Orcish Mines)
 41472 | Orc:4    | Learned a level 4 spell: Airstrike
 41740 | Orc:4    | Found an iron altar of Okawaru.
 42452 | Orc:4    | Paralysed by an orc sorcerer for 6 turns
 43027 | Orc:4    | Found Schu Godgh's Antique Armour Emporium.
 43027 | Orc:4    | Found Vimawiamp's Gadget Shoppe.
 43028 | Orc:4    | Found a one-way gate leading to the halls of Pandemonium.
 43060 | Orc:4    | Bought a pair of brightly glowing boots for 266 gold pieces
 43072 | Orc:4    | Identified the +2 pair of boots of Dishonesty {rN++} (You bought it in a shop on level 4 of the Orcish Mines)
 43072 | Orc:4    | Bought a pair of embroidered boots for 126 gold pieces
 43430 | Lair:1   | Noticed an eight-headed hydra
 43434 | Lair:1   | Killed an eight-headed hydra
 43642 | Elf:1    | Entered Level 1 of the Elven Halls
 43910 | Elf:2    | Received a gift from Sif Muna
 43911 | Elf:2    | Identified Tenie's Compendium of Aid and the Oath (Sif Muna gifted it to you on level 2 of the Elven Halls)
 43964 | Elf:2    | Found a runed gate.
 43965 | Elf:2    | Found a runed gate.
 43966 | Elf:2    | Found a runed gate.
 43982 | Elf:2    | Reached skill level 10 in Conjurations
 43982 | Elf:2    | Reached skill level 5 in Air Magic
 43998 | Elf:2    | Found a flickering gateway to a bazaar.
 44030 | Bazaar   | Entered a bazaar
 44113 | Bazaar   | Found Trou's Jewellery Boutique.
 44119 | Bazaar   | Found Psit's Book Boutique.
 44138 | Bazaar   | Found Hishrikh's Weapon Shop.
 44201 | Bazaar   | Found Ohuor's Armour Boutique.
 44209 | Bazaar   | Bought the +4 cloak "Shrilolys" {rElec rN+ Int+3} for 441 gold pieces
 44241 | Bazaar   | Bought an uncursed ring of wizardry for 330 gold pieces
 44241 | Bazaar   | Bought an uncursed ring of magical power for 220 gold pieces
 44262 | Bazaar   | Bought the ring of Toirutea {EV+4 Int+3} for 542 gold pieces
 44891 | Lair:2   | Learned a level 5 spell: Iskenderun's Battlesphere
 44900 | Lair:2   | Learned a level 6 spell: Poisonous Cloud
 46592 | Elf:2    | Cast into the Abyss (a deep elf sorcerer)
 46696 | Abyss:1  | Gained mutation: Armour fits poorly on your strangely shaped body. [a neqoxec]
 46702 | Abyss:1  | Noticed a tentacled starspawn
 46723 | Elf:2    | Escaped the Abyss
 46922 | Elf:2    | Reached skill level 17 in Spellcasting
 47200 | Elf:2    | Received a gift from Sif Muna
 47200 | Elf:2    | Reached XP level 16. HP: 94/94 MP: 23/41
 47201 | Elf:2    | Identified Sif Muna's Grimoire of the Monkey (Sif Muna gifted it to you on level 2 of the Elven Halls)
 47860 | Elf:2    | Reached skill level 5 in Poison Magic
 48762 | Swamp:1  | Entered Level 1 of the Swamp
 48832 | Swamp:1  | Gained mutation: You have large cloven feet. [potion of beneficial mutation]
 49738 | Swamp:2  | Found a burning altar of Makhleb.
 50181 | Swamp:2  | Received a gift from Sif Muna
 50742 | Swamp:2  | Got a flickering bone amulet
 50743 | Swamp:2  | Identified the amulet of Crawling {rCorr rPois} (You found it on level 2 of the Swamp)
 50775 | Swamp:2  | Got an iridescent dagger
 50776 | Swamp:2  | Identified the +3 dagger "Zecubuna" {drain, rF+ rN+ SInv} (You found it on level 2 of the Swamp)
 51055 | Lair:2   | Learned a level 2 spell: Stoneskin
 51512 | Swamp:2  | Reached skill level 1 in Transmutations
 51983 | Swamp:2  | Reached skill level 18 in Spellcasting
 52321 | Swamp:3  | Reached skill level 10 in Earth Magic
 52553 | Swamp:5  | Entered Level 5 of the Swamp
 53324 | Swamp:2  | Reached XP level 17. HP: 88/100 MP: 9/42
 53647 | Swamp:2  | Got an ancient battleaxe
 53648 | Swamp:2  | Identified the +2 battleaxe of Beogh's Castigation {elec, MR+ Str+9 Int-4} (You took it off a necromancer on level 2 of the Swamp)
 54061 | Swamp:3  | Received a gift from Sif Muna
 54062 | Swamp:3  | Identified Sif Muna's Volume of Cloudy Arcane Weapons (Sif Muna gifted it to you on level 3 of the Swamp)
 54068 | Swamp:3  | Learned a level 4 spell: Force Lance
 56193 | Swamp:4  | Reached skill level 5 in Transmutations
 57815 | Swamp:5  | Noticed Asterion
 58502 | Swamp:5  | Received a gift from Sif Muna
 58503 | Swamp:5  | Identified Soguluon's Tome of Protection (Sif Muna gifted it to you on level 5 of the Swamp)
 58609 | Swamp:5  | Killed Asterion
 58647 | Swamp:5  | Reached skill level 19 in Spellcasting
 58935 | Swamp:5  | Got a decaying rune of Zot
 58998 | Swamp:5  | Killed from afar by a bog body

Action                   |  1- 3 |  4- 6 |  7- 9 | 10-12 | 13-15 | 16-18 || total
-------------------------+-------+-------+-------+-------+-------+-------++-------
Melee: Short sword       |     2 |     1 |       |       |       |       ||     3
       Dagger            |       |     2 |   127 |   375 |    79 |    20 ||   603
 Cast: Magic Dart        |   116 |   196 |   362 |   241 |    15 |    27 ||   957
       Call Imp          |     1 |       |     7 |       |       |       ||     8
       Repel Missiles    |     1 |     1 |     1 |     5 |     3 |       ||    11
       Mephitic Cloud    |       |     9 |    36 |    36 |     2 |       ||    83
       Conjure Flame     |       |    13 |    45 |    92 |     8 |       ||   158
       Blink             |       |     1 |     9 |    10 |    26 |     6 ||    52
       Dazzling Spray    |       |       |     5 |   351 |    17 |       ||   373
       Apportation       |       |       |       |     3 |       |       ||     3
       Bolt of Fire      |       |       |       |    29 |   161 |   226 ||   416
       Fireball          |       |       |       |     1 |   391 |    92 ||   484
       Sticky Flame      |       |       |       |       |    87 |    13 ||   100
       Airstrike         |       |       |       |       |     7 |    75 ||    82
       Iskenderun's Batt |       |       |       |       |     4 |    38 ||    42
       Shroud of Golubri |       |       |       |       |     1 |     1 ||     2
       Regeneration      |       |       |       |       |     1 |       ||     1
       Stone Arrow       |       |       |       |       |     1 |       ||     1
       Poisonous Cloud   |       |       |       |       |       |     9 ||     9
       Force Lance       |       |       |       |       |       |    18 ||    18
       Stoneskin         |       |       |       |       |       |     1 ||     1
Invok: Channel Energy    |       |       |       |    35 |    95 |    67 ||   197
Evoke: Wand              |       |       |    11 |     7 |     4 |       ||    22
  Use: Scroll            |       |    12 |    12 |    16 |    16 |    10 ||    66
       Potion            |       |       |     4 |     2 |     6 |     4 ||    16
 Stab: Sleeping          |       |       |     2 |       |       |       ||     2
       Confused          |       |       |     1 |       |     1 |       ||     2
       Invisible         |       |       |     1 |    26 |     2 |       ||    29
  Eat: Chunk             |     2 |    11 |    15 |    45 |    70 |    24 ||   167
       Beef jerky        |       |     1 |     1 |     4 |     1 |     2 ||     9
       Pizza             |       |       |     1 |       |     3 |     4 ||     8
       Fruit             |       |       |       |       |     8 |       ||     8
       Bread ration      |       |       |       |       |       |     3 ||     3
